 Dungeon Crawl Stone Soup version 0.17-a0-1763-g847a857 (webtiles) character file.

99876 patman the Fencer (level 15, -1/134 HPs)
             Began as a Minotaur Wanderer on Aug 31, 2015.
             Was the Champion of Yredelemnul.
             Succumbed to a black mamba's poison
             ... on level 1 of the Snake Pit on Sept 4, 2015.
             The game lasted 02:07:31 (30626 turns).

patman the Fencer (Minotaur Wanderer)              Turns: 30626, Time: 02:07:32

Health: -1/134     AC: 31    Str: 17    XL:     15   Next: 78%
Magic:  18/26      EV: 11    Int: 13    God:    Yredelemnul [******]
Gold:   1499       SH:  0    Dex: 16    Spells: 3 memorised, 9 levels left

rFire  . . .     SeeInvis .     a - +9 great sword (elec)
rCold  . . .     Clarity  .     g - +6 plate armour of Quteof {Int+4}
rNeg   . . .     SustAt   .     (no shield)
rPois  .         Gourm    .     (helmet restricted)
rElec  .         Spirit   .     Z - +2 cloak
rCorr  .         Warding  .     s - +2 pair of gloves
rMut   .         Stasis   .     J - +2 pair of boots
MR     ++...                    (no amulet)
Stlth  ..........               u - +5 ring of evasion
                                T - ring of protection from magic

@: lethally poisoned (-1 -> -16), very resistant to hostile enchantments,
extremely unstealthy
A: retaliatory headbutt, horns 2
a: Animate Dead, Recall Undead Slaves, Injury Mirror, Drain Life, Enslave Soul,
Renounce Religion


You were on level 1 of the Snake Pit.
You worshipped Yredelemnul.
Yredelemnul was exalted by your worship.
You were full.

You visited 5 branches of the dungeon, and saw 29 of its levels.

You collected 2644 gold pieces.
You spent 1145 gold pieces at shops.

Inventory:

Hand weapons
 a - a +9 great sword of electrocution (weapon)
 b - a +2 trident of protection
Missiles
 G - 9 javelins (quivered)
 N - 5 throwing nets
Armour
 g - the +6 plate armour of Quteof (worn) {Int+4}
   (You bought it in a shop on level 4 of the Orcish Mines)

   It affects your intelligence (+4).
 s - a +2 pair of gloves (worn)
 J - a +2 pair of boots (worn)
 P - the +6 chain mail of Riatah {rF+ rN+ rCorr}
   (You found it on level 10 of the Dungeon)

   It protects you from fire.
   It protects you from negative energy.
   It protects you from acid and corrosion.
 Z - a +2 cloak (worn)
Jewellery
 u - a +5 ring of evasion (right hand)
 y - an uncursed amulet of stasis
 B - an uncursed ring of fire
 C - an uncursed ring of positive energy
 T - a ring of protection from magic (left hand)
Magical devices
 r - a wand of draining (8)
 t - a wand of cold (7)
 A - a wand of digging (8)
 D - a wand of draining (7)
 I - a wand of digging (9)
Scrolls
 d - 2 scrolls of enchant armour
 e - 4 scrolls of recharging
 h - 9 scrolls of remove curse
 k - 2 scrolls of summoning
 l - a scroll of immolation
 m - 3 scrolls of blinking
 o - a scroll of fog {unknown}
 p - 3 scrolls of teleportation
 H - 5 scrolls of amnesia
 M - 2 scrolls of fear
 Q - a scroll of identify
 R - 2 scrolls of brand weapon
 S - a scroll of silence
 U - a scroll of holy word {unknown}
 X - 4 scrolls of magic mapping
Potions
 c - 4 potions of curing
 j - 3 potions of agility
 n - a potion of resistance
 q - 3 potions of flight
 v - 2 potions of invisibility
 w - a potion of cancellation
 x - 4 potions of cure mutation
 z - a potion of brilliance
 E - 3 potions of haste
 F - 3 potions of ambrosia
 K - a potion of magic
 L - 2 potions of heal wounds
 V - 3 potions of berserk rage
 W - a potion of lignification {unknown}
Comestibles
 f - 21 bread rations
 i - 2 meat rations
 O - 8 fruits


   Skills:
 - Level 12.5 Fighting
 - Level 18.0 Long Blades
 - Level 9.1 Polearms
 - Level 11.0 Armour
 - Level 1.1 Dodging
 - Level 2.4 Stealth
   Level 1.2 Shields
 * Level 17.2 Invocations


You had 9 spell levels left.
You knew the following spells:

 Your Spells              Type           Power        Failure   Level  Hunger
a - Blink                 Tloc           N/A          100%        2    ###....
b - Repel Missiles        Chrm/Air       #.....       100%        2    ###....
c - Apportation           Tloc           #.........   100%        1    ##.....


Dungeon Overview and Level Annotations

Branches:
Dungeon (15/15)            Temple (1/1) D:4            Lair (8/8) D:8
 Shoals (0/4) Lair:3        Snake (1/4) Lair:6        Slime (0/6) Lair:8
    Orc (4/4) D:9             Elf (0/3) Orc:4        Vaults (0/5) D:13
 Depths (0/5) D:15

Altars:
Ashenzari
Cheibriados
Dithmenos
Elyvilon
Fedhas
Gozag
Kikubaaqudgha
Makhleb
Nemelex Xobeh
Okawaru
Qazlal
Ru
Sif Muna
Trog
Vehumet
Xom
Yredelemnul
Zin
The Shining One
Beogh
Jiyva

Shops:
D:9 (   D:11 (   D:12 (*   Orc:4 [*(:


Innate Abilities, Weirdness & Mutations

You reflexively headbutt those who attack you in melee.
You have a pair of horns on your head.


Message History

Unknown command.
You feel sick.
The guardian serpent casts a spell at you.
Your naga zombie seems to slow down.
The black mamba bites you!
* * * LOW HITPOINT WARNING * * *
You are more poisoned.
The black mamba poisons you!
Your black mamba zombie bites the black mamba!
The guardian serpent hits your naga zombie.
Your naga zombie is destroyed!
Your naga zombie hits the black mamba with an uncursed scimitar.
Your naga zombie grabs the black mamba.
Your naga zombie constricts the black mamba.
The black mamba bites your naga zombie!!
Your naga zombie hits the black mamba with a flail!
You have identified the last scroll.
U - a scroll of holy word {unknown} You die...
Your body rises from the dead as a mindless zombie.

##(..##...
###...#
##)(..#.... ##..#
###........# #...
##../.Z....##
##.=
##....).....# #..
##..(.(......#..
#..
#.....)..........
#..
....#..........##
#..
...##..Z@......#
#.... ..
##ZZSZ.......
#.#...
#N)#.......#
##....
#.S##......##
##... #..#
......## #....
#..# .##..##
#.... .... # .##
.. .... ..


You could see a naga ritualist, a guardian serpent, a black mamba, a friendly
black mamba zombie, a friendly naga zombie, a friendly naga zombie and 2
friendly naga zombies.

Vanquished Creatures
  A frost giant (D:15)
  A dire elephant (Lair:8)
  5 hydras
  Fannar (D:12)
  2 anacondas (Snake:1)
  A deep troll shaman (Lair:8)
  6 centaur warriors
  3 naga sharpshooters (Snake:1)
  14 death yaks
  A shock serpent (Snake:1)
  4 unseen horrors
  A hill giant (D:13)
  Pikel (D:8)
  A wolf spider zombie (D:15)
  A mana viper (Snake:1)
  2 manticores
  6 griffons
  A deep elf conjurer (Orc:4)
  3 ugly things (D:15)
  3 orc sorcerers
  A necromancer (D:13)
  6 elephants (Lair:8)
  2 centaur zombies (D:14)
  8 black mambas
  4 cyclopes
  Psyche (D:9)
  A naga mage (Snake:1)
  9 spiny frogs
  A gargoyle (D:12)
  A yaktaur (D:15)
  6 komodo dragons
  2 fire drakes
  3 two-headed ogres
  A polar bear (Lair:8)
  12 trolls
  12 blink frogs
  A trapdoor spider zombie (D:11)
  3 slime creatures (D:14)
  2 harpy skeletons (D:15)
  2 boulder beetles
  3 deep elf magi
  Sigmund (D:5)
  A human (D:11)
  A wyvern (D:15)
  2 vampire mosquitoes (D:14)
  9 hippogriffs
  2 hungry ghosts
  A steam dragon (D:10)
  40 yaks
  5 nagas
  11 wolves
  2 soldier ants
  Edmund (D:3)
  2 wargs (Orc:1)
  Duvessa (D:5)
  6 sky beasts
  10 water moccasins
  4 ice beasts
  5 porcupines
  2 black bears
  12 ogres
  16 orc warriors
  2 phantoms
  A wasp (D:9)
  A necrophage (D:8)
  24 centaurs
  9 crocodiles
  A big kobold (D:14)
  9 giant frogs
  An earth elemental (D:12)
  Dowan (D:5)
  A gnoll sergeant (D:6)
  A scorpion (Lair:1)
  14 killer bees
  5 wights (D:12)
  An electric eel (Lair:2)
  A quasit (D:10)
  3 crimson imps
  2 giant frog skeletons
  A giant frog zombie (D:6)
  13 orc priests
  A wasp zombie (D:13)
  7 hounds
  5 centaur skeletons
  6 jellies
  26 orc wizards
  10 worker ants
  11 iguanas
  8 sheep
  4 hell rats (Lair:7)
  2 hound zombies
  A hound skeleton (D:4)
  2 worker ant zombies
  6 gnolls
  16 adders
  62 river rats
  4 shadow imps
  A giant eyeball (shapeshifter) (D:14)
  An ooze (D:3)
  2 worms
  5 giant geckos
  130 orcs
  3 ball pythons
  7 giant cockroaches
  6 goblins
  8 hobgoblins
  7 quokkas
  13 bats
  A giant gecko zombie (D:5)
  4 giant newts
  9 jackals
  13 kobolds
  30 rats
775 creatures vanquished.

Vanquished Creatures (collateral kills)
  Rupert (Lair:7)
  Maud (Lair:5)
  Nessos (Lair:5)
  3 hydras
  Harold (Lair:3)
  A catoblepas (Lair:8)
  2 centaur warriors (D:15)
  11 death yaks
  2 orc high priests (Orc:3)
  Urug (Orc:4)
  An unseen horror (D:15)
  2 hill giants
  2 orc knights
  A griffon (Lair:6)
  An orc sorcerer (Orc:4)
  An oklob plant (Lair:6)
  2 cyclopes
  Maurice (Orc:4)
  4 black mambas
  2 elephants (Lair:8)
  3 spiny frogs
  3 fire drakes
  2 komodo dragons
  2 trolls
  A polar bear (Lair:7)
  2 wargs (Orc:4)
  8 blink frogs
  A boulder beetle (Lair:6)
  13 yaks
  A deep elf fighter (D:8)
  Grum (D:9)
  6 basilisks
  A naga (Lair:6)
  A soldier ant (D:13)
  7 wolves
  3 porcupines
  3 ice beasts
  6 water moccasins
  10 orc warriors
  A black bear (D:9)
  4 ogres
  A slave (D:8)
  A centaur (D:13)
  5 crocodiles
  2 big kobolds
  6 orc priests
  3 giant frogs
  A killer bee (D:8)
  A scorpion (D:10)
  2 crimson imps
  A hound (D:10)
  3 hell rats (Lair:7)
  A worker ant (D:8)
  4 orc wizards
  2 iguanas (Lair:1)
  3 sheep (Lair:2)
  2 adders
  33 river rats
  34 orcs
  A bat (D:8)
  2 kobolds
  11 rats (Lair:7)
  42 fungi
  18 plants
299 creatures vanquished.

Vanquished Creatures (others)
  A shock serpent zombie (Snake:1)
  7 flying skulls
  A black mamba zombie (Lair:7)
  A spiny frog zombie (Lair:4)
  2 slaves (D:8)
  6 blink frog zombies
  An elf zombie (Orc:4)
  An ogre (D:8)
  A fire drake zombie (Lair:7)
  A water moccasin zombie (Lair:8)
  2 warg zombies
  2 yak zombies
  2 troll zombies
  A wight (Orc:3)
  4 centaur zombies
  6 wolf zombies
  3 giant frog zombies
  A wasp zombie (D:9)
  A human skeleton (Lair:8)
  A crocodile zombie (Lair:7)
  A killer bee zombie (D:8)
  A big kobold zombie (D:8)
  A sky beast zombie (D:10)
  A dwarf skeleton (Lair:8)
  A naga zombie (Snake:1)
  2 ogre skeletons
  2 mummies
  2 worker ant zombies (D:8)
  A sheep zombie (Lair:3)
  An electric eel zombie (Lair:2)
  An iguana skeleton (Lair:5)
  21 orc zombies
  A giant gecko (D:8)
  An orc (D:8)
  3 kobolds (D:8)
  3 kobold zombies
  5 orc skeletons (Orc:4)
  A rat (D:8)
  7 rat zombies
  7 river rat zombies
  8 fungi
  5 plants
121 creatures vanquished.

Grand Total: 1195 creatures vanquished

Notes
Turn   | Place    | Note
--------------------------------------------------------------
     0 | D:1      | patman the Minotaur Wanderer began the quest for the Orb.
     0 | D:1      | patman set off with: a +0 shield, a +0 spear, a potion of curing, a +0 robe, a +0 dagger, a bread ration
     0 | D:1      | Reached XP level 1. HP: 19/19 MP: 0/0
   206 | D:1      | Reached XP level 2. HP: 19/26 MP: 1/1
   972 | D:2      | Reached skill level 4 in Polearms
  1117 | D:2      | Reached XP level 3. HP: 21/31 MP: 2/2
  1629 | D:2      | Upgraded the game from 0.17-a0-1741-gd5e8965 to 0.17-a0-1748-g222fba8
  2482 | D:3      | Reached XP level 4. HP: 40/40 MP: 3/3
  2484 | D:3      | Reached skill level 1 in Armour
  3025 | D:3      | HP: 1/40 [iguana (11)]
  3389 | D:3      | Upgraded the game from 0.17-a0-1748-g222fba8 to 0.17-a0-1753-g75d4604
  3402 | D:4      | Reached XP level 5. HP: 44/47 MP: 4/4
  3411 | D:4      | Noticed Edmund
  3438 | D:3      | Killed Edmund
  3438 | D:3      | Reached skill level 5 in Fighting
  3470 | D:4      | Reached XP level 6. HP: 47/56 MP: 5/5
  3561 | D:4      | Reached skill level 5 in Armour
  3620 | D:4      | Noticed an ogre
  3639 | D:4      | Killed an ogre
  3690 | D:4      | Found a stormy altar of Qazlal.
  3701 | D:4      | Reached skill level 6 in Armour
  3828 | D:4      | Reached XP level 7. HP: 62/62 MP: 6/6
  3833 | D:4      | Found a staircase to the Ecumenical Temple.
  3843 | Temple   | Entered the Ecumenical Temple
  4039 | Temple   | Became a worshipper of Yredelemnul the Dark
  4256 | D:5      | Entered Level 5 of the Dungeon
  4292 | D:5      | Found a burning altar of Makhleb.
  4434 | D:5      | Noticed Sigmund
  4440 | D:5      | Noticed Duvessa
  4441 | D:5      | Noticed Dowan
  4530 | D:6      | Reached skill level 7 in Fighting
  4786 | D:5      | Reached XP level 8. HP: 57/74 MP: 7/7
  4791 | D:5      | Reached skill level 8 in Fighting
  4845 | D:5      | Acquired Yredelemnul's first power
  4870 | D:5      | Killed Duvessa
  4903 | D:5      | Killed Dowan
  4914 | D:5      | Reached skill level 9 in Fighting
  4994 | D:5      | Found a white marble altar of Elyvilon.
  5311 | D:5      | Killed Sigmund
  5557 | D:5      | Reached skill level 10 in Fighting
  5928 | D:6      | Reached XP level 9. HP: 39/86 MP: 8/8
  5953 | D:6      | Acquired Yredelemnul's second power
  5953 | D:6      | Reached skill level 11 in Fighting
  6153 | D:6      | Reached skill level 1 in Invocations
  6409 | D:6      | Found a snail-covered altar of Cheibriados.
  6409 | D:6      | Found a radiant altar of Vehumet.
  6504 | D:7      | Found a shattered altar of Ashenzari.
  6696 | D:7      | Reached skill level 5 in Invocations
  7736 | D:8      | Reached skill level 5 in Polearms
  7834 | D:8      | Reached XP level 10. HP: 54/95 MP: 14/14
  7849 | D:8      | Noticed Pikel
  7866 | D:8      | Acquired Yredelemnul's third power
  7894 | D:8      | Killed Pikel
  8024 | D:8      | Found a staircase to the Lair.
  8097 | D:8      | Found a blossoming altar of Fedhas.
  8177 | D:8      | Got a pair of faintly glowing boots
  8198 | D:8      | Identified the cursed -7 pair of boots of Fashionability {MR++ Str+2 Int-2 SInv} (You found it on level 8 of the Dungeon)
  8762 | D:9      | Found a staircase to the Orcish Mines.
  8770 | D:9      | Found Buil's Weapon Emporium.
  9134 | D:9      | Noticed Psyche
  9147 | D:9      | Killed Psyche
  9403 | D:9      | Received a gift from Yredelemnul
  9420 | D:9      | Acquired Yredelemnul's fourth power
  9532 | D:9      | Noticed Grum
  9535 | D:9      | Reached skill level 10 in Armour
  9547 | D:9      | Killed Grum
  9987 | Orc:1    | Entered Level 1 of the Orcish Mines
 10123 | Orc:1    | Reached XP level 11. HP: 77/104 MP: 16/16
 10855 | Orc:2    | Found an iron altar of Okawaru.
 11155 | Orc:2    | Received a gift from Yredelemnul
 11675 | Orc:3    | Reached skill level 12 in Fighting
 11683 | Orc:3    | Received a gift from Yredelemnul
 11763 | Orc:3    | Acquired Yredelemnul's fifth power
 11765 | Orc:3    | Received a gift from Yredelemnul
 12075 | Orc:3    | Found a roughly hewn altar of Beogh.
 12307 | Orc:3    | Received a gift from Yredelemnul
 12472 | Orc:4    | Entered Level 4 of the Orcish Mines
 12478 | Orc:4    | Noticed an orc high priest
 12662 | Orc:3    | Killed an orc high priest
 12950 | Orc:4    | Found a staircase to the Elven Halls.
 13155 | Orc:4    | Found a bloodstained altar of Trog.
 13460 | Orc:4    | Noticed Urug
 13494 | Orc:4    | Killed Urug
 13496 | Orc:4    | Received a gift from Yredelemnul
 13720 | Orc:4    | Reached skill level 10 in Invocations
 13739 | Orc:4    | Noticed Maurice
 13750 | Orc:4    | Killed Maurice
 13856 | Orc:4    | Noticed an orc warlord
 13909 | Orc:4    | Killed an orc warlord
 13909 | Orc:4    | Enslaved an orc warlord
 14246 | Orc:4    | Noticed an orc high priest
 14349 | Orc:3    | Killed an orc high priest
 14481 | Orc:4    | Noticed an ice devil
 14771 | Orc:4    | Found a roughly hewn altar of Beogh.
 14777 | Orc:4    | Found Pepp's Antique Armour Shoppe.
 14806 | Orc:4    | Found Izeva's General Store.
 14814 | Orc:4    | Bought a potion of heal wounds for 80 gold pieces
 14952 | Orc:3    | Received a gift from Yredelemnul
 15067 | Orc:4    | Found Eghis's Book Shoppe.
 15071 | Orc:4    | Found Tecinwyu's Antique Weapon Shoppe.
 15220 | Orc:4    | Received a gift from Yredelemnul
 15442 | Orc:4    | Bought a distressingly furry plate armour for 756 gold pieces
 15452 | Orc:4    | Identified the +6 plate armour of Quteof {Int+4} (You bought it in a shop on level 4 of the Orcish Mines)
 15455 | Orc:4    | Bought a pair of embroidered gloves for 121 gold pieces
 15493 | Orc:4    | Bought a runed battleaxe for 188 gold pieces
 15627 | Lair:1   | Entered Level 1 of the Lair of Beasts
 15660 | Lair:1   | Reached XP level 12. HP: 103/113 MP: 19/19
 16092 | Lair:1   | Reached skill level 13 in Invocations
 16316 | Lair:1   | Noticed an eight-headed hydra
 16323 | Lair:1   | Killed an eight-headed hydra
 17007 | Lair:2   | Received a gift from Yredelemnul
 17379 | Lair:2   | Reached skill level 14 in Invocations
 17649 | Lair:3   | Found a staircase to the Shoals.
 17656 | Lair:3   | Noticed Harold
 17672 | Lair:3   | Killed Harold
 17972 | Lair:3   | Identified a scroll of acquirement
 18313 | Lair:3   | Received a gift from Yredelemnul
 18737 | Lair:4   | Learned a level 2 spell: Blink
 18740 | Lair:4   | Learned a level 2 spell: Repel Missiles
 19075 | Lair:4   | Reached skill level 15 in Invocations
 19271 | Lair:4   | Reached skill level 1 in Long Blades
 19319 | Lair:4   | Reached XP level 13. HP: 88/119 MP: 23/23
 19570 | Lair:4   | Noticed a five-headed hydra
 19577 | Lair:4   | Killed a five-headed hydra
 20227 | Lair:5   | Reached skill level 5 in Long Blades
 20446 | Lair:5   | Noticed Maud
 20463 | Lair:5   | Killed Maud
 20529 | Lair:5   | Noticed Nessos
 20537 | Lair:5   | Killed Nessos
 21104 | Lair:6   | Found a staircase to the Snake Pit.
 21494 | Lair:6   | Received a gift from Yredelemnul
 21724 | Lair:6   | Found a glowing golden altar of the Shining One.
 22244 | Lair:7   | Reached skill level 10 in Long Blades
 22244 | Lair:7   | Received a gift from Yredelemnul
 22529 | Lair:7   | Received a gift from Yredelemnul
 22559 | Lair:7   | Got a scorched arbalest
 22560 | Lair:7   | Identified the +6 arbalest of Jesch {velocity, +Inv MP+9 Str-4} (You found it on level 7 of the Lair of Beasts)
 22788 | Lair:7   | Received a gift from Yredelemnul
 22921 | Lair:7   | Noticed Rupert
 22932 | Lair:7   | Killed Rupert
 23076 | Lair:7   | Received a gift from Yredelemnul
 23101 | Lair:7   | Learned a level 1 spell: Apportation
 23410 | Lair:7   | Reached XP level 14. HP: 115/127 MP: 24/24
 23427 | Lair:8   | Entered Level 8 of the Lair of Beasts
 24099 | Lair:8   | Reached skill level 15 in Long Blades
 24171 | Lair:8   | Received a gift from Yredelemnul
 24417 | Lair:8   | Received a gift from Yredelemnul
 24476 | Lair:8   | Found a staircase to the Slime Pits.
 24476 | Lair:8   | Found a viscous altar of Jiyva.
 24510 | Lair:8   | Reached skill level 16 in Long Blades
 25129 | D:10     | Entered Level 10 of the Dungeon
 25634 | D:10     | Got a heavily runed chain mail
 25645 | D:10     | Identified the +6 chain mail of Riatah {rF+ rN+ rCorr} (You found it on level 10 of the Dungeon)
 26073 | D:11     | Received a gift from Yredelemnul
 26098 | D:11     | Reached skill level 17 in Long Blades
 26210 | D:11     | Received a gift from Yredelemnul
 26582 | D:12     | Found Cedod's Weapon Shop.
 26592 | D:12     | Upgraded the game from 0.17-a0-1753-g75d4604 to 0.17-a0-1760-ga6756ae
 26621 | D:12     | Found Wikiarr's Pet Rocks.
 26624 | D:12     | Noticed Nergalle
 26630 | D:12     | Killed Nergalle
 26630 | D:12     | Enslaved Nergalle
 26727 | D:12     | Noticed Fannar
 26741 | D:12     | Killed Fannar
 26981 | D:12     | Reached XP level 15. HP: 134/134 MP: 25/25
 27304 | D:13     | Received a gift from Yredelemnul
 27367 | D:13     | Reached skill level 18 in Long Blades
 27381 | D:13     | Found a gate to the Vaults.
 28505 | D:15     | Entered Level 15 of the Dungeon
 28700 | D:15     | Received a gift from Yredelemnul
 29283 | D:15     | Received a gift from Yredelemnul
 29318 | D:15     | Found a staircase to the Depths.
 29923 | D:11     | Upgraded the game from 0.17-a0-1760-ga6756ae to 0.17-a0-1763-g847a857
 30215 | Snake:1  | Entered Level 1 of the Snake Pit
 30625 | Snake:1  | HP: 1/134 [black mamba (12)]
 30626 | Snake:1  | Succumbed to a black mamba's poison

Vault maps used:
D:1:      dpeg_arrival_rhombi
D:4:      lemuel_round_altar, minmay_temple_entry_junction,
          corexii_checkpoint_a, minmay_misc_feat_columns, uniq_edmund
D:5:      old_standard_altar, makhleb_blood_cavern_becter, first_bread,
          gup_sewer_entry_bubbles, amalloy_card_club, uniq_sigmund, uniq_duvessa
D:6:      gammafunk_temple_overflow_elements, fountainhead
D:7:      evilmike_ruin_ashenzari
D:8:      grunt_lair_entry_elf_guard_hut, nicolae_ossuary_entry_ruins,
          fedhas_bush_and_centaur_altar, uniq_pikel
D:9:      orc_david_3, uniq_grum, uniq_psyche
D:11:     serial_column_ruins, column_ruins_hut_ruined,
          column_ruins_corridor_corner, column_ruins_grid_4,
          column_ruins_open_medium, column_ruins_open_medium,
          column_ruins_grid_2, grunt_pizzeria, grunt_ministairs_6
D:12:     serial_shops, shop, guppyfry_shop_earth, uniq_nergalle, uniq_fannar
D:13:     david_vaults_1
D:14:     minmay_misc_feat_encased
D:15:     grunt_enter_depths_snipers, serial_bayou_pond_a
Temple:   dpeg_five_rooms_temple_12
Lair:1:   minivault_25
Lair:2:   grunt_megastairs_3, infiniplex_staircase_pool, serial_bayou_shore_b,
          serial_bayou_shore_b
Lair:3:   shoals_dummy_entry, minmay_holes, uniq_urug, uniq_harold
Lair:5:   kennysheep_basilisk_garden, lemuel_fruit_tree, grunt_megastairs_4,
          uniq_nessos, uniq_maud
Lair:6:   minmay_snake_entry_guardpost_small, lemuel_oklob_altar
Lair:7:   lemuel_ratsnest, beast_lair_carwin_3, bh_autumn_forest_stairs,
          uniq_rupert
Lair:8:   grunt_lair_end_beastmaster, slime_altar_1
Snake:1:  basic_altar, uniq_nikola, uniq_louise, uniq_donald
Orc:2:    okawaru_metal_pillars_1_2
Orc:3:    basic_altar, nicolae_orc_pool_cavern
Orc:4:    grunt_orc_cross, bloody_trog, uniq_maurice

Action                   |  1- 3 |  4- 6 |  7- 9 | 10-12 | 13-15 || total
-------------------------+-------+-------+-------+-------+-------++-------
Melee: Spear             |   110 |   111 |   534 |       |       ||   755
       Trident           |       |       |    27 |  1237 |   225 ||  1489
       Great sword       |       |       |       |       |   855 ||   855
 Fire: Blowgun           |       |    25 |     5 |       |       ||    30
Throw: Tomahawk          |       |       |       |     1 |       ||     1
Invok: Animate Remains   |       |       |    15 |     1 |       ||    16
       Recall Undead Sla |       |       |     1 |    14 |    12 ||    27
       Animate Dead      |       |       |       |    69 |    75 ||   144
       Injury Mirror     |       |       |       |     2 |     1 ||     3
       Drain Life        |       |       |       |     1 |     3 ||     4
       Enslave Soul      |       |       |       |     1 |     1 ||     2
  Use: Scroll            |     6 |     2 |     3 |    18 |    14 ||    43
       Potion            |       |     2 |     1 |     5 |     3 ||    11
 Stab: Sleeping          |     6 |       |       |       |       ||     6
       Distracted        |     1 |       |     1 |    16 |    12 ||    30
       Invisible         |       |       |       |     6 |       ||     6
  Eat: Chunk             |     4 |     1 |     5 |    33 |    18 ||    61
       Pizza             |     1 |       |     1 |       |    10 ||    12
       Meat ration       |       |     1 |     1 |     2 |     2 ||     6
       Beef jerky        |       |       |     1 |       |     5 ||     6
       Bread ration      |       |       |       |     1 |       ||     1
       Fruit             |       |       |       |     2 |       ||     2
